 Dungeon Crawl Stone Soup version 0.28.0-43-g3370ac3207 (webtiles) character file.

Game seed: 8066956939892379968

156 RascalDebosk the Shield-Bearer (level 5, -2/45 (47) HPs)
             Began as a Minotaur Fighter on Mar 30, 2022.
             Slain by an orc priest
             ... wielding a +0 dagger
              (4 damage)
             ... on level 3 of the Dungeon.
             The game lasted 00:09:46 (2279 turns).

RascalDebosk the Shield-Bearer (Minotaur Fighter)   Turns: 2279, Time: 00:09:47

HP:   -2/45 (47)    AC:  8    Str: 23    XL:     5   Next: 14%
MP:   4/4           EV:  9    Int:  5    God:
Gold: 175           SH:  4    Dex:  9    Spells: 4/4 levels left

rFire   . . .      SeeInvis .   a - +0 war axe
rCold   . . .      Faith    .   c - +0 buckler
rNeg    . . .      Spirit   .   b - +0 scale mail
rPois   .          Reflect  .   (helmet restricted)
rElec   .          Harm     .   k - +0 cloak
rCorr   .          Rampage  .   (no gloves)
Will    .....                   (no boots)
Stlth   ..........              (no amulet)
HPRegen 0.15/turn               (no ring)
MPRegen 0.09/turn               (no ring)

@: lightly drained
A: horns 2, retaliatory headbutt
a: no special abilities


You were on level 3 of the Dungeon.
You visited 1 branch of the dungeon, and saw 3 of its levels.

You collected 175 gold pieces.

Inventory:

Hand Weapons
 a - a +0 war axe (weapon)
Missiles
 g - 79 stones (quivered)
Armour
 b - a +0 scale mail (worn)
 c - a +0 buckler (worn)
 k - a +0 cloak (worn)
Scrolls
 f - a scroll of identify {unknown}
 h - a scroll of holy word {unknown}
 i - a scroll of fear {unknown}
 j - a scroll of fog {unknown}
Potions
 d - a potion of might
 e - a potion of heal wounds {unknown}
 l - a potion of lignification {unknown}
 m - a potion of curing {unknown}
 n - a potion of magic {unknown}


   Skills:
 + Level 4.3 Fighting
 + Level 3.4 Axes
 + Level 1.7 Throwing
 + Level 4.4 Armour
 + Level 4.4 Shields
 + Level 1.4 Evocations


You had 4 spell levels left.
You didn't know any spells.
Your spell library was empty.

Dungeon Overview and Level Annotations

Branches:
Dungeon (3/15)

Altars:
Hepliaklqana


Innate Abilities, Weirdness & Mutations

You have a pair of horns on your head.
You reflexively headbutt those who attack you in melee.


Message History

You slash the orc!
You kill the orc!
The orc priest looks braver for a moment.
You closely miss something. You closely miss the rat. Something hits you.
The rat closely misses you. You furiously retaliate!
You headbutt the rat!
You kill the rat!
Something hits you.
You slash the orc!
You kill the orc!
You closely miss something.
The orc priest mumbles some strange prayers to Beogh against you.
Beogh smites you! Something hits you but does no damage.
You barely miss the orc. You headbutt the orc!
You kill the orc!
You hit something but do no damage. Something hits you but does no damage.
The orc priest hits you but does no damage.
You closely miss the orc priest. You headbutt the orc priest.
The orc priest is moderately wounded.
You miss something. Something hits you but does no damage.
The orc priest hits you but does no damage.
You hear some strange, mumbled words.
A puff of flame appears from out of thin air!
You block the puff of flame.
You closely miss the orc priest.
The orc priest is lightly wounded.
You hit something.
The orc priest mumbles some strange prayers to Beogh against you.
Beogh smites you!
* * * LOW HITPOINT WARNING * * *
Something hits you but does no damage.
You hit the orc priest.
The orc priest is heavily wounded.
You closely miss something.
The orc priest hits you but does no damage.
You hear some strange, mumbled words.
A magic dart appears from out of thin air!
The magic dart hits you.
* * * LOW HITPOINT WARNING * * *
The orc priest hits you with a +0 dagger.
You die...

#####.....###...
#..#.......#....
......_......##
#.......##.#
###.....###.#
#.##...####.#
#..##.##.##.#
#############......##.#
.....go@...........##.#
.....o{#######.....##.##
....... ########...
..!.... #### ...(... #
....... # ....... #
....... # ###########


You could see an orc priest, an orc and a goblin.

Vanquished Creatures
  A water moccasin skeleton (D:2)
  3 adders (D:2)
  3 worms (D:2)
  3 dart slugs
  9 orcs (D:3)
  5 ball pythons
  3 endoplasms
  A giant cockroach (D:2)
  8 goblins
  6 hobgoblins
  3 quokkas
  2 bats
  2 frilled lizards (D:1)
  2 kobolds (D:2)
  6 rats
57 creatures vanquished.

Notes
Turn   | Place    | Note
-------+----------+-------------------------------------------
     0 | D:1      | RascalDebosk the Minotaur Fighter began the quest for the
                  | Orb.
     0 | D:1      | Reached XP level 1. HP: 19/19 MP: 0/0
   108 | D:1      | Reached XP level 2. HP: 27/27 MP: 1/1
   627 | D:2      | Reached XP level 3. HP: 27/33 MP: 2/2
   818 | D:2      | Reached skill level 1 in Throwing
   915 | D:2      | Reached skill level 1 in Evocations
  1143 | D:2      | Found a faded altar of an unknown god.
  1171 | D:2      | Found a faded altar of an unknown god.
  1285 | D:2      | Reached XP level 4. HP: 34/40 MP: 3/3
  1979 | D:3      | Reached XP level 5. HP: 42/46 MP: 4/4
  2244 | D:3      | Found a hazy altar of Hepliaklqana.
  2279 | D:3      | HP: 2/45 [something/magic dart (4)]
  2279 | D:3      | Slain by an orc priest

Illustrated notes

Levels and vault maps discovered:
D:1:      onia_arrival_pentagram, layout_rooms
D:2:      minmay_chambers_of_twos, layout_basic,
          hellmonk_ecumenical_altar_the_god_not_taken, bh_walls_and_bars
D:3:      layout_basic, grunt_dithmenos_smoke_and_mirrors, lemuel_round_altar

Skill      XL: |  1  2  3 |
---------------+----------+-----
Fighting       | 4 |  4.3
Throwing       | 1 |  1.7
Armour         | 4 |  4.4
Shields        | 4 |  4.4
Axes           | 3 |  3.4
Evocations     | 1 |  1.4

Action                   |  1- 3 |  4- 6 || total
-------------------------+-------+-------++-------
Melee: War axe           |    74 |    47 ||   121
       Headbutt          |     8 |     4 ||    12
Throw: Stone             |       |     1 ||     1
Armor: Scale mail        |    39 |    24 ||    63
Dodge: Dodged            |    37 |    15 ||    52
Block: Buckler           |    11 |     8 ||    19
